 Dungeon Crawl Stone Soup version 0.30-a0-297-g0ec75d9ef4 (webtiles) character file.

Game seed: 4702795392087615431

7305 ryw the Warrior (level 10, 0/89 HPs)
             Began as a Demonspawn Monk on Oct 19, 2022.
             Was an Elder of Hepliaklqana.
             Slain by a minotaur (12 damage)
             ... in a Gauntlet.
             The game lasted 00:25:26 (8678 turns).

ryw the Warrior (Demonspawn Monk)                   Turns: 8678, Time: 00:25:26

Health: 0/89       AC: 14    Str: 12    XL:     10   Next: 90%
Magic:  13/13      EV: 16    Int: 13    God:    Hepliaklqana [****..]
Gold:   410        SH:  0    Dex: 18    Spells: 13/13 levels left

rFire   . . .      SeeInvis .    A - +2 dagger (venom)
rCold   + . .      Faith    .    (no shield)
rNeg    . . .      Spirit   .    i - +2 ring mail {rC+}
rPois   .          Reflect  .    (helmet restricted)
rElec   .          Harm     .    D - scarf {shadows}
rCorr   .          Rampage  .    (no gloves)
Will    .....      NoTele   +    b - +1 pair of boots
Stlth   +.........               (no amulet)
HPRegen 0.34/turn                r - +4 ring of slaying
MPRegen 0.13/turn                x - +4 ring of protection

@: invisible
A: reduced essence, horns 2, rugged brown scales 1, powered by pain 2, demonic
magic 3
a: Renounce Religion, Recall Ancestor, Ancestor Identity, Transference, Idealise


You were in a Gauntlet.
You worshipped Hepliaklqana.
Hepliaklqana was greatly pleased with you.
You visited 3 branches of the dungeon, and saw 11 of its levels.
You also visited: Gauntlet.

You collected 529 gold pieces.
You spent 119 gold pieces at shops.

Inventory:

Hand Weapons
 u - a +5 morningstar of freezing
 A - a +2 dagger of venom (weapon)
Missiles
 c - 52 poisoned darts (quivered)
 h - 6 curare-tipped darts
 n - 13 javelins
 q - 2 throwing nets
Armour
 b - a +1 pair of boots (worn)
 f - a +1 robe of willpower
 i - a +2 ring mail of cold resistance (worn)
 v - a +1 robe of fire resistance
 y - the +1 robe "Pibucaoh" {MP-9 Str+5 Int+4}
   (You bought it in a shop on level 7 of the Dungeon)

   Str:       It affects your strength (+5).
   Int:       It affects your intelligence (+4).
   MP:        It affects your magic capacity (-9).
 D - a scarf of shadows (worn)
Jewellery
 d - a ring of protection from cold
 r - a +4 ring of slaying (left hand)
 x - a +4 ring of protection (right hand)
 F - the ring "Fitisox" {Fly EV+4}
   (You found it in a Gauntlet)

   [ring of evasion]

   EV:        It affects your evasion (+4).
   Fly:       It grants you flight.
Wands
 t - a wand of roots (7)
Scrolls
 j - 3 scrolls of enchant weapon
 m - 3 scrolls of identify
 o - 3 scrolls of teleportation
Potions
 a - 5 potions of lignification
 e - 2 potions of curing
 g - a potion of attraction
 k - 2 potions of brilliance
 s - 2 potions of magic
 w - a potion of ambrosia
 z - 3 potions of cancellation
 E - a potion of resistance


   Skills:
 + Level 15.3 Fighting
 - Level 10.3 Dodging
 - Level 1.7 Stealth
 - Level 2.6 Unarmed Combat
 + Level 2.0 Spellcasting


You had 13 spell levels left.
You didn't know any spells.
Your spell library contained the following spells:

 Spells                   Type           Power      Damage    Failure   Level
 Ensorcelled Hibernation  Hex/Ice        2%         N/A       65%         2
 Passwall                 Tmut/Erth      0%         N/A       65%         2
 Kindle Blastsparks       Fire/Tloc/Air  2%         2d10      86%         3
 Ozocubu's Armour         Ice            1%         N/A       86%         3
 Swiftness                Air            1%         N/A       86%         3
 Conjure Ball Lightning   Conj/Air       0%         3x3d6     100%        6
 Ozocubu's Refrigeration  Ice            0%         4d7       100%        7
 Storm Form               Tmut/Air       0%         N/A       100%        7


Dungeon Overview and Level Annotations

Branches:
Dungeon (9/15)             Temple (1/1) D:4            Lair (1/5) D:8
Gauntlet (1/1)
    Orc: D:9-12

Altars:
Ashenzari
Cheibriados
Dithmenos
Fedhas
Hepliaklqana
Makhleb
Nemelex Xobeh
Okawaru
Qazlal
Ru
Sif Muna
Trog
Vehumet
Wu Jian
Xom
Yredelemnul

Shops:
D:7 ([(*!

Annotations:
D:2 1 runed translucent door, Crazy Yiuf, Ijyb Gauntlet 8 transporters, exclusion: obsidian statue


Innate Abilities, Weirdness & Mutations

Your life essence is reduced to manifest your ancestor. (-10% HP)
You have a pair of horns on your head.
You are partially covered in rugged brown scales. (AC +1, +3% HP)
You sometimes gain power by taking damage.
Spells you cast and wands you use may paralyse nearby enemies.


Message History

You start waiting.
Done waiting.
You swap places.
A minotaur comes into view.
It is wearing the +0 ring mail "Erinidd" {rPois rF+ Will+} and quivering silver javelins.
Unknown command.
Unknown command.
You fade into invisibility!
You swap places.
The minotaur throws a silver javelin.
The silver javelin pierces through you! The silver sears you!
The silver javelin misses Sanele.
Sanele casts a spell at the minotaur.
The puff of frost hits the minotaur!
Sanele points at the minotaur and mumbles some strange words.
The puff of frost hits the minotaur.
You completely miss the minotaur.
The minotaur is lightly wounded.
The minotaur barely misses you. The minotaur closely misses you.
You hit the minotaur.
The minotaur is lightly wounded.
The minotaur completely misses you. The minotaur gores you.
Sanele points at the minotaur and mumbles some strange words.
The stone arrow hits the minotaur!
You hit the minotaur but do no damage.
The minotaur is moderately wounded.
The minotaur hits you! The minotaur closely misses you.
You hit the minotaur but do no damage. You headbutt the minotaur!
The minotaur is moderately wounded.
The minotaur hits you! The minotaur barely misses you.
Sanele gestures at the minotaur while chanting.
The puff of frost hits the minotaur but does no damage.
You hit the minotaur but do no damage.
You punch the minotaur, but do no damage.
The minotaur is moderately wounded.
The minotaur misses you. The minotaur gores you.
You barely miss the minotaur.
The minotaur is moderately wounded.
The minotaur hits you!!
* * * LOW HITPOINT WARNING * * *
The minotaur gores you!
You die...

...≈# ...##
##########
8.####.#........####
..§##..#.######....#
..##...#.# ####.#
..#....#.# ..#.#
..#.8©.#.# #.#.#
..#....#.### #H#.#
8.#.8©...#.# #@#.#
..#....###.# #R#.#
..#.8©.# #.#####...#
..#....# #.##....#.#
..##...# #....####.#
..≈##..# ###### ..#
8.####.# ### ..§#
...≈#


You could see the friendly Sanele the battlemage and a minotaur (unable to see
you, ally target).

Vanquished Creatures
  A wyvern (D:8)
  A redback (Gauntlet)
  Edmund (D:5)
  2 black bears
  2 ice beasts
  An ogre (D:6)
  2 centaurs
  A bullfrog (D:8)
  2 scorpions (D:5)
  5 wights
  4 howler monkeys
  2 jellies (D:7)
  5 orc priests
  A hound (D:4)
  2 iguanas
  Natasha (twice) (D:3)
  Terence (D:3)
  2 orc wizards
  5 gnolls
  5 adders
  A shadow imp (D:6)
  A white imp (D:5)
  8 orcs
  3 bats
  8 endoplasms
  A giant cockroach (D:4)
  4 goblins
  6 hobgoblins
  A jackal (D:3)
  3 quokkas
  8 ball pythons
  4 frilled lizards
  12 kobolds
  4 rats
111 creatures vanquished.

Vanquished Creatures (collateral kills)
  An entropy weaver (Gauntlet)
  Pikel (D:4)
  Joseph (D:8)
  Grinder (D:6)
  A jumping spider (Gauntlet)
  A shadow (D:7)
  4 yaks
  A water moccasin (D:8)
  A black bear (D:8)
  4 ice beasts
  4 lemures (D:4)
  3 kobold brigands
  2 bullfrogs
  A gnoll sergeant (D:8)
  3 wights
  2 scorpions
  2 howler monkeys (D:8)
  3 orc priests
  A gnoll bouda (D:5)
  4 orc wizards
  2 adders (D:4)
  3 gnolls
  A shadow imp (D:6)
  An ufetubus (D:5)
  7 orcs
  A ball python (D:4)
  An endoplasm (D:4)
  A hobgoblin (D:4)
  7 kobolds
65 creatures vanquished.

Vanquished Creatures (others)
  3 battlemagi
  5 plants
8 creatures vanquished.

Grand Total: 184 creatures vanquished

Notes
Turn   | Place    | Note
-------+----------+-------------------------------------------
     0 | D:1      | ryw the Demonspawn Monk began the quest for the Orb.
     0 | D:1      | Reached XP level 1. HP: 18/18 MP: 1/1
   375 | D:1      | Gained mutation: Spells you cast may paralyse adjacent
                  | enemies. [demonic ancestry]
   375 | D:1      | Reached XP level 2. HP: 21/24 MP: 2/2
   399 | D:1      | Found a faded altar of an unknown god.
  1032 | D:2      | Reached skill level 4 in Fighting
  1157 | D:2      | Reached XP level 3. HP: 29/30 MP: 3/3
  1178 | D:2      | Found an iron altar of Okawaru.
  1406 | D:2      | Found a runed translucent door.
  1407 | D:2      | Noticed Crazy Yiuf
  1561 | D:3      | Noticed Natasha
  2085 | D:3      | Reached skill level 5 in Fighting
  2085 | D:3      | Gained mutation: You have a pair of small horns on your
                  | head. [demonic ancestry]
  2085 | D:3      | Reached XP level 4. HP: 39/39 MP: 4/4
  2109 | D:3      | Killed Natasha
  2263 | D:3      | Gained mutation: You are partially covered in rugged brown
                  | scales. (AC +1, +3% HP) [demonic ancestry]
  2263 | D:3      | Reached XP level 5. HP: 35/47 MP: 5/5
  2357 | D:3      | Found a basalt altar of Yredelemnul.
  2438 | D:3      | Noticed Terence
  2446 | D:3      | Killed Terence
  2447 | D:3      | Reached skill level 6 in Fighting
  2529 | D:3      | Noticed Ijyb
  2588 | D:2      | Reached skill level 10 in Fighting
  2588 | D:2      | Gained mutation: Spells you cast may paralyse nearby
                  | enemies. [demonic ancestry]
  2588 | D:2      | Reached XP level 6. HP: 6/62 MP: 6/6
  2725 | D:3      | Noticed Natasha
  2739 | D:3      | Killed Natasha
  3212 | D:4      | Found a staircase to the Ecumenical Temple.
  3222 | Temple   | Entered the Ecumenical Temple
  3229 | Temple   | Became a worshipper of Hepliaklqana the Forgotten
  3229 | Temple   | Reached * piety under Hepliaklqana
  3229 | Temple   | Reached ** piety under Hepliaklqana
  3230 | Temple   | Remembered your ancestor Sanele as a battlemage
  3469 | D:4      | Found a large runed translucent door.
  3470 | D:4      | Found a large runed translucent door.
  3470 | D:4      | Noticed Pikel
  3756 | D:4      | Killed Pikel
  3757 | D:4      | Reached skill level 11 in Fighting
  3757 | D:4      | Gained mutation: Spells you cast and wands you use may
                  | paralyse nearby enemies. [demonic ancestry]
  3757 | D:4      | Reached XP level 7. HP: 41/63 MP: 7/7
  3831 | D:4      | Found a shimmering blue altar of Sif Muna.
  3834 | D:4      | Found a radiant altar of Vehumet.
  3842 | D:4      | Reached skill level 13 in Fighting
  3842 | D:4      | Reached skill level 10 in Dodging
  3842 | D:4      | Gained mutation: You sometimes gain a little power by
                  | taking damage. [demonic ancestry]
  3842 | D:4      | Reached XP level 8. HP: 73/73 MP: 8/8
  3872 | D:5      | Entered Level 5 of the Dungeon
  4073 | D:5      | Got the Verses on the Sky
  4094 | D:5      | Gained mutation: You have a pair of horns on your head.
                  | [demonic ancestry]
  4094 | D:5      | Reached XP level 9. HP: 68/79 MP: 9/9
  4332 | D:5      | Noticed Edmund
  4352 | D:5      | Killed Edmund
  4987 | D:6      | Noticed Grinder
  4999 | D:6      | Paralysed by Grinder for 5 turns
  5003 | D:6      | Killed Grinder
  5843 | D:7      | Reached skill level 14 in Fighting
  5959 | D:7      | Found Ziratyuj's Weapon Shop.
  5977 | D:7      | Found Oqul Zudd's Antique Armour Boutique.
  5990 | D:7      | Bought an ominously black robe for 119 gold pieces
  5990 | D:7      | Identified the +1 robe "Pibucaoh" {MP-9 Str+5 Int+4} (You
                  | bought it in a shop on level 7 of the Dungeon)
  6002 | D:7      | Found Kuawk's Weapon Shoppe.
  6036 | D:7      | Found Fagruj's Assorted Antiques.
  6044 | D:7      | Reached *** piety under Hepliaklqana
  6092 | D:7      | Gained mutation: You sometimes gain power by taking damage.
                  | [demonic ancestry]
  6092 | D:7      | Reached XP level 10. HP: 65/87 MP: 10/10
  6186 | D:7      | Found a shadowy altar of Dithmenos.
  6299 | D:7      | Found Kufal's Distillery.
  6869 | D:8      | Noticed Joseph
  7365 | D:8      | Found a staircase to the Lair.
  7454 | D:8      | Killed Joseph
  7798 | D:8      | Reached skill level 15 in Fighting
  7923 | Lair:1   | Entered Level 1 of the Lair of Beasts
  8080 | Lair:1   | Found a gate leading to a gauntlet.
  8085 | Gauntlet | Entered a Gauntlet
  8085 | Gauntlet | Noticed a five-headed hydra
  8085 | Gauntlet | Noticed a torpor snail
  8085 | Gauntlet | Found a transporter.
  8085 | Gauntlet | Reached **** piety under Hepliaklqana
  8089 | Gauntlet | Found a transporter.
  8091 | Gauntlet | Found a transporter.
  8092 | Gauntlet | Found a transporter.
  8092 | Gauntlet | Noticed an obsidian statue
  8094 | Gauntlet | Found a transporter.
  8095 | Gauntlet | Found a transporter.
  8096 | Gauntlet | Noticed a green death
  8097 | Gauntlet | Noticed an orange demon
  8099 | Gauntlet | Noticed an entropy weaver
  8099 | Gauntlet | Noticed an orange demon
  8104 | Gauntlet | Found a transporter.
  8105 | Gauntlet | Found a transporter.
  8123 | Gauntlet | Noticed a fire crab
  8125 | Gauntlet | Found a transporter.
  8129 | Gauntlet | Found a transporter.
  8133 | Gauntlet | Found a transporter.
  8141 | Gauntlet | Found a transporter.
  8278 | Gauntlet | Identified the ring "Fitisox" {Fly EV+4}
  8298 | Gauntlet | Killed an entropy weaver
  8669 | Gauntlet | Identified the +0 ring mail "Erinidd" {rPois rF+ Will+}
  8669 | Gauntlet | Noticed a minotaur
  8678 | Gauntlet | Slain by a minotaur

Illustrated notes

Levels and vault maps discovered:
D:1:      lightli_arrival_statuegarden, layout_loops_cross,
          dilly_ecumenical_altar_fadedgnrine, minivault_24
D:2:      layout_rooms, basic_altar, minmay_distorted, uniq_crazy_yiuf_cottage
D:3:      layout_loops_cross, marbit_many_paths, grunt_ministairs_6,
          serial_bayou_pond_b, uniq_ijyb, uniq_natasha, uniq_terence
D:4:      layout_basic, jmf_multi_god_temple2, minmay_temple_entry_water_ring,
          uniq_pikel
D:5:      layout_loops_ring, uniq_edmund
D:6:      layout_basic, uniq_grinder
D:7:      layout_loops_ring, overflow_temple_1_default, serial_shops, shop,
          nicolae_shop_window_shopping, nicolae_shop_bloodbath_and_beyond, shop,
          nicolae_shop_waterfront
D:8:      layout_loops_cross, david_lair_generic, uniq_joseph
D:9:      nicolae_cairo_tiling_large, layout_loops_corners
Temple:   dpeg_three_leaves_temple
Lair:1:   layout_long_grid, gauntlet_entry_generic, fungi_pond_lemuel,
          lemuel_fruit_fields
Gauntlet: minmay_gauntlet_mixed_oops_all_seconds [minmay_gauntlet_arena_77_path,
          gammafunk_gauntlet_arena_crates, minmay_gauntlet_arena_77_checkered,
          gammafunk_gauntlet_arena_open,
          minmay_gauntlet_arena_77_chump_sandwich,
          nicolae_gauntlet_arena_blocks, dreamdust_gauntlet_exit_labyrinth]

Skill      XL: |  1  2  3  4  5  6  7  8  9 10 |
---------------+-------------------------------+-----
Fighting       | 4 5 10 11 13 14 15 | 15.3
Dodging        | 8 10 | 10.3
Spellcasting   | 2 |  2.0
Stealth        | |  1.7
Unarmed Combat | |  2.6

Action                   |  1- 3 |  4- 6 |  7- 9 | 10-12 || total
-------------------------+-------+-------+-------+-------++-------
Melee: Unarmed           |   188 |   176 |   157 |    60 ||   581
       Punch             |     3 |     4 |     3 |     2 ||    12
       Headbutt          |       |    38 |    36 |    32 ||   106
       Dagger            |       |       |       |    58 ||    58
Throw: Dart              |       |     3 |       |    14 ||    17
Invok: Ancestor Life: Ba |       |     1 |       |       ||     1
       Recall Ancestor   |       |       |     1 |     1 ||     2
  Use: Scroll            |     2 |     2 |    10 |     7 ||    21
       Potion            |       |     4 |     1 |     6 ||    11
 Stab: Sleeping          |     3 |     1 |     1 |       ||     5
       Distracted        |       |       |     4 |       ||     4
Armor: Robe              |     6 |       |       |       ||     6
       Ring mail         |    63 |    47 |    44 |    51 ||   205
Dodge: Dodged            |   109 |   123 |   102 |   125 ||   459

Table legend: (Time is in decaauts)
 A = Elapsed time spent in this place.
 B = Non-inter-level travel time spent in this place.
 C = Inter-level travel time spent in this place.
 D = Time resting spent in this place.
 E = Time spent auto-exploring this place.
 F = Levels seen in this place.
 G = Mean time per level.
                   A        B        C        D        E       F      G
               +--------+--------+--------+--------+--------+-----+--------+
         Total |   8640 |   8264 |    376 |   1073 |   5449 |  12 |  720.0 |
       Dungeon |   7871 |   7500 |    371 |    748 |   5274 |   9 |  874.6 |
        Temple |     14 |      9 |      5 |      0 |      0 |   1 |   14.0 |
          Lair |    161 |    161 |      0 |      0 |    136 |   1 |  161.0 |
      Gauntlet |    592 |    592 |      0 |    325 |     39 |   1 |  592.0 |
               +--------+--------+--------+--------+--------+-----+--------+

Top non-repeatable levels by time:
     D:8: 1267 daAuts
     D:3: 1234 daAuts
     D:6: 1048 daAuts
     D:4: 1013 daAuts
     D:1: 935 daAuts
     D:7: 812 daAuts
     D:2: 790 daAuts
     D:5: 767 daAuts
Gauntlet: 592 daAuts
  Lair:1: 161 daAuts
  Temple: 14 daAuts
     D:9: 1 daAuts
